 Dungeon Sprint DCSS version 0.30-a0-469-g84de5afbc5 (webtiles) character file.

Game seed: 12013552277417409848

292 rocky1 the Fencer (level 6, -1/44 HPs)
             Began as a Merfolk Gladiator on Dec 20, 2022.
             Was an Initiate of Gozag.
             Slain by a spatial vortex (7 damage)
             ... in the Dungeon (Sprint III: "The Ten Rune Challenge").
             The game lasted 00:02:06 (566 turns).

rocky1 the Fencer (Merfolk Gladiator)                Turns: 566, Time: 00:02:07

Health: -1/44      AC:  7    Str: 14    XL:     6   Next: 33%
Magic:  6/6        EV: 13    Int:  8    God:    Gozag
Gold:   23         SH:  0    Dex: 17    Spells: 5/5 levels left

rFire   . . .      SeeInvis .    a - +0 long sword
rCold   . . .      Faith    .    (no shield)
rNeg    . . .      Spirit   .    b - +0 leather armour
rPois   +          Reflect  .    c - +0 helmet
rElec   .          Harm     .    m - +2 cloak {rPois}
rCorr   .          Rampage  .    (no gloves)
Will    .....      NoTele   +    (no boots)
Stlth   +.........               (no amulet)
HPRegen 0.27/turn                (no ring)
MPRegen 0.10/turn                (no ring)

@: no status effects
A: (nimble swimmer 2), mertail
a: Renounce Religion, Potion Petition, Call Merchant, Bribe Branch


You were in the Dungeon.
You worshipped Gozag.
Gozag was noncommittal.
You visited 1 branch You collected 23 gold pieces.

Inventory:

Hand Weapons
 a - a +0 long sword (weapon)
Missiles
 d - 2 throwing nets (quivered)
 e - a javelin
Armour
 b - a +0 leather armour (worn)
 c - a +0 helmet (worn)
 m - a +2 cloak of poison resistance (worn)
Scrolls
 k - a scroll of blinking
 l - a scroll of butterflies {unknown}
 n - 2 scrolls of poison {unknown}
 o - 2 scrolls of identify {unknown}
Potions
 f - 2 potions of curing
 h - a potion of haste
 i - 2 potions of magic
 p - a potion of flight {unknown}
 q - 5 potions of mutation
Miscellaneous
 g - a tin of tremorstones (2/2)


   Skills:
 + Level 2.1 Fighting
 - Level 15.3 Long Blades
 - Level 2.0 Throwing
 + Level 4.0 Dodging
 + Level 0.0 Stealth
 + Level 0.0 Evocations


You had 5 spell levels left.
You didn't know any spells.
Your spell library was empty.

Dungeon Overview and Level Annotations

Branches:
Dungeon (1/1)

Altars:
Cheibriados
Fedhas
Gozag
Hepliaklqana
Makhleb
Nemelex Xobeh
Qazlal
Xom
Jiyva
Lugonu


Innate Abilities, Weirdness & Mutations

((You are very nimble when in or above water. (Stealth+, EV+, Speed+++)))
Your lower body shifts to a powerful aquatic tail in water.


Message History

You have reached level 6!
There is an open door here.
You start resting.
HP restored.
You open the door.
A spatial vortex comes into view.
Found five altars.
Found a tin of tremorstones (2/2).
Found five altars.
There is an open door here.
There is a snail-covered altar of Cheibriados here.
There is a hazy altar of Hepliaklqana here.
There is an opulent altar of Gozag here.
You kneel at the altar of Gozag.
Gozag welcomes you!
Gozag waives the service fee.
There is a sparkling altar of Nemelex Xobeh here.
You see here a tin of tremorstones (2/2).
g - a tin of tremorstones (2/2)
There is a shimmering altar of Xom here.
There is a hazy altar of Hepliaklqana here.
There is a snail-covered altar of Cheibriados here.
There is an open door here.
You slash the spatial vortex!
The spatial vortex is lightly damaged.
You hit the spatial vortex but do no damage.
The spatial vortex is lightly damaged.
You completely miss the spatial vortex.
The spatial vortex is lightly damaged.
The spatial vortex completely misses you.
You slash the spatial vortex!
The spatial vortex is moderately damaged.
The spatial vortex hits you!!
Ouch! That really hurt!
Space warps horribly around you!
* * * LOW HITPOINT WARNING * * *
You are too injured to fight recklessly!
You are too injured to fight recklessly!
The spatial vortex hits you!
You die...
Your body crumbles into a pile of gold. ..~♣♣♣♣..###+#+###+## $ .~~.♣..♣.#..........#$ $ ~~~~...♣.'.⌠........# $ $$$$

~≈≈~~~♣..#...######'#$$
$$
†≈~~~....#.⌠.#__#...#
≈~~~.....#...#__#...#
~~.......#+###__#...#
.........# $#__#v..+
.........# #__@...#
▓▓▓▓▓▓▓▓▓▓ ▓▓▓▓▓▓▓▓ $


You could see a spatial vortex.

Vanquished Creatures
  A shadow (D)
  A water elemental (D)
  A jelly (D)
  Crazy Yiuf (D)
  A human (D)
  An endoplasm (D)
  3 rats (D)
9 creatures vanquished.

Notes
Turn   | Place    | Note
-------+----------+-------------------------------------------
     0 | D        | rocky1 the Merfolk Gladiator began the quest for the Orb.
     0 | D        | Reached XP level 1. HP: 16/16 MP: 1/1
     6 | D        | Reached skill level 4 in Long Blades
   117 | D        | Reached skill level 5 in Long Blades
   135 | D        | Noticed Crazy Yiuf
   145 | D        | Killed Crazy Yiuf
   146 | D        | Reached skill level 8 in Long Blades
   146 | D        | Reached XP level 2. HP: 22/22 MP: 2/2
   146 | D        | Reached XP level 3. HP: 27/27 MP: 3/3
   159 | D        | Reached skill level 9 in Long Blades
   313 | D        | Noticed a water elemental
   321 | D        | Killed a water elemental
   322 | D        | Reached skill level 11 in Long Blades
   322 | D        | Reached XP level 4. HP: 27/33 MP: 4/4
   388 | D        | Reached skill level 12 in Long Blades
   388 | D        | Reached XP level 5. HP: 32/38 MP: 5/5
   410 | D        | Noticed a shadow
   422 | D        | Killed a shadow
   423 | D        | Reached skill level 15 in Long Blades
   423 | D        | Reached XP level 6. HP: 11/44 MP: 6/6
   549 | D        | Found a blossoming altar of Fedhas.
   549 | D        | Found a stormy altar of Qazlal.
   549 | D        | Found a snail-covered altar of Cheibriados.
   549 | D        | Found a burning altar of Makhleb.
   549 | D        | Found a shimmering altar of Xom.
   549 | D        | Noticed a spatial vortex
   550 | D        | Found a hazy altar of Hepliaklqana.
   550 | D        | Found an opulent altar of Gozag.
   550 | D        | Found a sparkling altar of Nemelex Xobeh.
   550 | D        | Found a corrupted altar of Lugonu.
   550 | D        | Found a viscous altar of Jiyva.
   554 | D        | Became a worshipper of Gozag Ym Sagoz the Greedy
   566 | D        | Slain by a spatial vortex

Illustrated notes

Levels and vault maps discovered:
D:        dungeon_sprint_mu [sprint_mu_entry_forest, sprint_mu_temple_rooms,
          sprint_mu_d1_horrors, sprint_mu_d2_genie, sprint_mu_d3_branching,
          sprint_mu_orc_legion, sprint_mu_elf_gauntlet, sprint_mu_hive_nellie,
          sprint_mu_lair_fedhas, sprint_mu_vaults_butterflies,
          sprint_mu_slime_circle, sprint_mu_swamp_cave, sprint_mu_snake_twists,
          sprint_mu_blade_basic, sprint_mu_crypt_lich, sprint_mu_tomb_spiral,
          sprint_mu_vestibule_basic, sprint_mu_gehenna_hellfire,
          sprint_mu_dis_giant, sprint_mu_tartarus_statrot,
          sprint_mu_cocytus_islands, sprint_mu_zot1]

Skill      XL: |  1  2  3  4  5 |
---------------+----------------+-----
Long Blades    | 8 11 12 15 | 15.3
Fighting       | |  2.1
Throwing       | |  2.0
Dodging        | |  4.0

Action                   |  1- 3 |  4- 6 || total
-------------------------+-------+-------++-------
Melee: Long sword        |    30 |    17 ||    47
       Tailslap          |     3 |       ||     3
       Punch             |     1 |       ||     1
Throw: Throwing net      |     1 |       ||     1
  Use: Potion            |     1 |     1 ||     2
 Stab: Sleeping          |     1 |       ||     1
Armor: Leather armour    |     2 |     2 ||     4
Dodge: Dodged            |     9 |     5 ||    14

Table legend: (Time is in decaauts)
 A = Elapsed time spent in this place.
 B = Non-inter-level travel time spent in this place.
 C = Inter-level travel time spent in this place.
 D = Time resting spent in this place.
 E = Time spent auto-exploring this place.
 F = Levels seen in this place.
 G = Mean time per level.
                   A        B        C        D        E       F      G
               +--------+--------+--------+--------+--------+-----+--------+
         Total |    569 |    569 |      0 |    397 |      0 |   1 |  569.0 |
       Dungeon |    569 |    569 |      0 |    397 |      0 |   1 |  569.0 |
               +--------+--------+--------+--------+--------+-----+--------+

Top non-repeatable levels by time:
       D: 569 daAuts
